MLB
CLEVELAND INDIANS @ TAMPA BAY RAYS
09/01/2019
 
TOP OF THE 1ST
Cleveland Indians batting - Pitching for Tampa Bay Rays : RHP Carlos Carrasco
Pitching: RHP Carlos Carrasco
Batting: LHB Adam Frazier 0-0: Ball
1-0: Ball
2-0: Called Strike
2-1: Swinging Strike
2-2: Strikes out swinging
Batting: RHB J.D. Martinez 0-0: Called Strike
0-1: Swinging Strike
0-2: Strikes out swinging
Batting: LHB Matt Carpenter 0-0: Ball
1-0: Called Strike
1-1: Ball
2-1: Foul Ball, location: 2F
2-2: Ball
3-2: Ground out U3 (Groundball, 3, EV 101.9 MPH)
Top of the 1st over - 0 runs, 0 hits, 0 errors, 0 left on base; Cleveland 0 - Tampa Bay 0
BOTTOM OF THE 1ST
Tampa Bay Rays batting - Pitching for Cleveland Indians : RHP Collin McHugh
Pitching: RHP Collin McHugh
Batting: SHB Aaron Hicks 0-0: Called Strike
0-1: Foul Ball, location: 2F
0-2: Ball
1-2: Strikes out swinging
Batting: LHB Rafael Devers 0-0: Ball
1-0: Fly out, F8 (Flyball, 8RM, EV 99.4 MPH)
Batting: LHB Michael Conforto 0-0: Called Strike
0-1: Ball
1-1: Ball
2-1: Ball
3-1: SINGLE (Groundball, 6D, EV 105.6 MPH)
Batting: RHB Nelson Cruz 0-0: 2-RUN HOME RUN (Flyball, 78XD, EV 110.6 MPH), Distance : 386 ft
Batting: RHB Miguel Cabrera 0-0: Called Strike
0-1: Called Strike
0-2: Fly out, F9 (Flyball, 9D, EV 104.4 MPH)
Bottom of the 1st over - 2 runs, 2 hits, 0 errors, 0 left on base; Cleveland 0 - Tampa Bay 2
TOP OF THE 2ND
Cleveland Indians batting - Pitching for Tampa Bay Rays : RHP Carlos Carrasco
Batting: SHB Marwin Gonzalez 0-0: Called Strike
0-1: Ball
1-1: Ball
2-1: Swinging Strike
2-2: Ground out 4-3 (Groundball, 4, EV 81.3 MPH)
Batting: RHB Matt Chapman 0-0: Swinging Strike
0-1: Ball
1-1: Foul Ball, location: 2F
1-2: Ball
2-2: Strikes out swinging
Batting: RHB Steven Souza Jr. 0-0: Called Strike
0-1: Foul Ball, location: 2F
0-2: Ball
1-2: Ball
2-2: Ball
3-2: Strikes out swinging
Top of the 2nd over - 0 runs, 0 hits, 0 errors, 0 left on base; Cleveland 0 - Tampa Bay 2
BOTTOM OF THE 2ND
Tampa Bay Rays batting - Pitching for Cleveland Indians : RHP Collin McHugh
Batting: RHB Buster Posey 0-0: Ball
1-0: Ball
2-0: Swinging Strike
2-1: Swinging Strike
2-2: Ball
3-2: Ground out 4-3 (Groundball, 34, EV 81.3 MPH)
Batting: RHB Xander Bogaerts 0-0: Ball
1-0: Swinging Strike
1-1: Swinging Strike
1-2: Ball
2-2: Ground out 6-3 (Groundball, 6S, EV 73.8 MPH)
Batting: RHB Marcell Ozuna 0-0: Foul Ball, location: 2F
0-1: Foul Ball, location: 2F
0-2: Ball
1-2: Ball
2-2: Ball
3-2: DOUBLE (Line Drive, 7LS, EV 112.5 MPH)
Batting: RHB DJ LeMahieu 0-0: Ball
1-0: Ball
2-0: Fly out, F8 (Flyball, 8LS, EV 81.3 MPH)
Bottom of the 2nd over - 0 runs, 1 hit, 0 errors, 1 left on base; Cleveland 0 - Tampa Bay 2
TOP OF THE 3RD
Cleveland Indians batting - Pitching for Tampa Bay Rays : RHP Carlos Carrasco
Batting: RHB Marcus Semien 0-0: Foul Ball, location: 2F
0-1: Foul Ball, location: 2F
0-2: Strikes out looking
Batting: RHB Tim Locastro 0-0: Ball
1-0: Foul Ball, location: 2F
1-1: Ball
2-1: Swinging Strike
2-2: Strikes out looking
Batting: RHB Mitch Garver 0-0: Swinging Strike
0-1: Called Strike
0-2: Ball
1-2: Strikes out looking
Top of the 3rd over - 0 runs, 0 hits, 0 errors, 0 left on base; Cleveland 0 - Tampa Bay 2
BOTTOM OF THE 3RD
Tampa Bay Rays batting - Pitching for Cleveland Indians : RHP Collin McHugh
Batting: SHB Aaron Hicks 0-0: Ball
1-0: Called Strike
1-1: Called Strike
1-2: Foul Ball, location: 2F
1-2: Ground out U3 (Groundball, 34S, EV 89.4 MPH)
Batting: LHB Rafael Devers 0-0: Swinging Strike
0-1: SINGLE (Line Drive, 34D, EV 96.9 MPH)
Batting: LHB Michael Conforto 0-0: Ball
1-0: Fielders Choice at 2nd, 3-6 (Groundball, 3, EV 83.8 MPH)
Batting: RHB Nelson Cruz 0-0: Ball
1-0: Ball
2-0: Foul Ball, location: 2F
2-1: Fly out, F8 (Flyball, 78M, EV 91.3 MPH)
Bottom of the 3rd over - 0 runs, 1 hit, 0 errors, 1 left on base; Cleveland 0 - Tampa Bay 2
TOP OF THE 4TH
Cleveland Indians batting - Pitching for Tampa Bay Rays : RHP Carlos Carrasco
Batting: LHB Adam Frazier 0-0: Ball
1-0: Ball
2-0: Called Strike
2-1: Swinging Strike
2-2: Strikes out swinging
Batting: RHB J.D. Martinez 0-0: Ball
1-0: Ball
2-0: Called Strike
2-1: Foul Ball, location: 2F
2-2: Strikes out swinging
Batting: LHB Matt Carpenter 0-0: Called Strike
0-1: Foul Ball, location: 2F
0-2: Ball
1-2: Foul Ball, location: 2F
1-2: Foul Ball, location: 2F
1-2: Ball
2-2: Foul Ball, location: 2F
2-2: Ball
3-2: SOLO HOME RUN (Flyball, 9D, EV 102.5 MPH), Distance : 371 ft
Batting: SHB Marwin Gonzalez 0-0: Swinging Strike
0-1: Swinging Strike
0-2: Foul Ball, location: 2F
0-2: Foul Ball, location: 2F
0-2: Ball
1-2: Strikes out swinging, 2-3 out at first.
Top of the 4th over - 1 run, 1 hit, 0 errors, 0 left on base; Cleveland 1 - Tampa Bay 2
BOTTOM OF THE 4TH
Tampa Bay Rays batting - Pitching for Cleveland Indians : RHP Collin McHugh
Batting: RHB Miguel Cabrera 0-0: Ball
1-0: Ball
2-0: Ball
3-0: Called Strike
3-1: Called Strike
3-2: Foul Ball, location: 2F
3-2: Fly out, F6 (Popup, 4MD, EV 64.4 MPH)
Batting: RHB Buster Posey 0-0: Ball
1-0: Ball
2-0: Called Strike
2-1: Fly out, F7 (Line Drive, 7, EV 94.4 MPH)
Batting: RHB Xander Bogaerts 0-0: Foul Ball, location: 2F
0-1: Foul Ball, location: 2F
0-2: Ball
1-2: SINGLE (Groundball, 6MD, EV 94.4 MPH)
Batting: RHB Marcell Ozuna 0-0: Ball
1-0: Fielders Choice at 2nd, 6-4 (Groundball, 6, EV 96.3 MPH)
Bottom of the 4th over - 0 runs, 1 hit, 0 errors, 1 left on base; Cleveland 1 - Tampa Bay 2
TOP OF THE 5TH
Cleveland Indians batting - Pitching for Tampa Bay Rays : RHP Carlos Carrasco
Batting: RHB Matt Chapman 0-0: Swinging Strike
0-1: Ball
1-1: Called Strike
1-2: DOUBLE (Line Drive, 7LM, EV 106.3 MPH)
Batting: RHB Steven Souza Jr. 0-0: Ball
1-0: Ball
2-0: Ground out 3-1 (Groundball, 34, EV 80.0 MPH)
Matt Chapman to third
Batting: RHB Marcus Semien 0-0: SINGLE (Groundball, 15, EV 64.4 MPH) (infield hit)
Batting: RHB Tim Locastro 0-0: Ball
1-0: Ball
2-0: Called Strike
2-1: Ground out 5-3 (Groundball, 56S, EV 66.9 MPH)
Matt Chapman scores
Marcus Semien to second
Batting: RHB Mitch Garver 0-0: Ball
1-0: Ball
2-0: Called Strike
2-1: Ball
3-1: Swinging Strike
3-2: Base on Balls
Batting: LHB Adam Frazier 0-0: Ball
1-0: Foul Ball, location: 2F
1-1: Foul Ball, location: 2F
1-2: Ball
2-2: Fly out, F7 (Flyball, 7, EV 86.3 MPH)
Top of the 5th over - 1 run, 2 hits, 0 errors, 2 left on base; Cleveland 2 - Tampa Bay 2
BOTTOM OF THE 5TH
Tampa Bay Rays batting - Pitching for Cleveland Indians : RHP Collin McHugh
Batting: RHB DJ LeMahieu 0-0: Ball
1-0: Ball
2-0: DOUBLE (Line Drive, 7LD, EV 108.1 MPH)
Batting: SHB Aaron Hicks 0-0: Ball
1-0: Ball
2-0: Called Strike
2-1: Called Strike
2-2: Ball
3-2: Ground out 4-3 (Groundball, 34, EV 103.8 MPH)
DJ LeMahieu to third
Batting: LHB Rafael Devers 0-0: Ball
1-0: Ball
2-0: Ball
3-0: Base on Balls
Batting: LHB Michael Conforto 0-0: Ball
1-0: Called Strike
1-1: Fly out, F9 (Flyball, 9LD, EV 98.1 MPH)
Runner from 3rd tags up, SCORES, throw by RF
Batting: RHB Nelson Cruz 0-0: Called Strike
0-1: Foul Ball, location: 2F
0-2: Ball
1-2: Ball
2-2: Strikes out looking
Bottom of the 5th over - 1 run, 1 hit, 0 errors, 1 left on base; Cleveland 2 - Tampa Bay 3
TOP OF THE 6TH
Cleveland Indians batting - Pitching for Tampa Bay Rays : RHP Carlos Carrasco
Batting: RHB J.D. Martinez 0-0: Ball
1-0: SINGLE (Groundball, 6MD, EV 106.3 MPH)
Batting: LHB Matt Carpenter 0-0: Ball
1-0: Called Strike
1-1: Ball
2-1: Foul Ball, location: 2F
2-2: Foul Ball, location: 2F
2-2: Fly out, F8 (Flyball, 8RM, EV 94.4 MPH)
Pitching: RHP Chris Martin
Batting: SHB Marwin Gonzalez 0-0: Called Strike
0-1: Fly out, F7 (Flyball, 7LM, EV 88.8 MPH)
Batting: RHB Matt Chapman 0-0: Ball
1-0: Called Strike
1-1: Foul Ball, location: 2F
1-2: Ball
2-2: 2-RUN HOME RUN (Line Drive, 78XD, EV 100.6 MPH), Distance : 406 ft
Batting: RHB Steven Souza Jr. 0-0: Swinging Strike
0-1: Fly out, F7 (Flyball, 7D, EV 93.1 MPH)
Top of the 6th over - 2 runs, 2 hits, 0 errors, 0 left on base; Cleveland 4 - Tampa Bay 3
BOTTOM OF THE 6TH
Tampa Bay Rays batting - Pitching for Cleveland Indians : RHP Collin McHugh
Pitching: RHP Yoan Lopez
Batting: RHB Miguel Cabrera 0-0: Ball
1-0: Foul Ball, location: 2F
1-1: Foul Ball, location: 2F
1-2: Strikes out swinging
Batting: RHB Buster Posey 0-0: Foul Ball, location: 2F
0-1: Ground out 1-3 (Groundball, 34S, EV 88.8 MPH)
Batting: RHB Xander Bogaerts 0-0: Called Strike
0-1: Ball
1-1: Fly out, F7 (Flyball, 7LS, EV 88.8 MPH)
Bottom of the 6th over - 0 runs, 0 hits, 0 errors, 0 left on base; Cleveland 4 - Tampa Bay 3
TOP OF THE 7TH
Cleveland Indians batting - Pitching for Tampa Bay Rays : RHP Chris Martin
Batting: RHB Marcus Semien 0-0: Called Strike
0-1: Fly out, F8 (Flyball, 78D, EV 86.3 MPH)
Batting: RHB Tim Locastro 0-0: Ball
1-0: Ball
2-0: Foul Ball, location: 2F
2-1: Foul Ball, location: 2F
2-2: Fly out, F8 (Flyball, 8RXD, EV 91.3 MPH)
Batting: RHB Mitch Garver 0-0: SINGLE (Groundball, 4MD, EV 94.4 MPH)
Batting: LHB Adam Frazier 0-0: Ball
1-0: Fielders Choice at 2nd, 6-4 (Groundball, 6, EV 96.9 MPH)
Top of the 7th over - 0 runs, 1 hit, 0 errors, 1 left on base; Cleveland 4 - Tampa Bay 3
BOTTOM OF THE 7TH
Tampa Bay Rays batting - Pitching for Cleveland Indians : RHP Yoan Lopez
Batting: RHB Marcell Ozuna 0-0: Called Strike
0-1: Foul Ball, location: 2F
0-2: Fly out, F2 (Popup, 2L, EV 92.5 MPH)
Batting: RHB DJ LeMahieu 0-0: Ball
1-0: Fly out, F9 (Flyball, 9S, EV 90.0 MPH)
Batting: SHB Aaron Hicks 0-0: Ball
1-0: Swinging Strike
1-1: Ball
2-1: Foul Ball, location: 2F
2-2: Strikes out swinging
Bottom of the 7th over - 0 runs, 0 hits, 0 errors, 0 left on base; Cleveland 4 - Tampa Bay 3
TOP OF THE 8TH
Cleveland Indians batting - Pitching for Tampa Bay Rays : RHP Chris Martin
Pitching: RHP Ryne Harper
Batting: RHB J.D. Martinez 0-0: Ball
1-0: Called Strike
1-1: Ball
2-1: Swinging Strike
2-2: Strikes out looking
Batting: LHB Matt Carpenter 0-0: Called Strike
0-1: Ball
1-1: Foul Ball, location: 2F
1-2: Ball
2-2: Foul Ball, location: 2F
2-2: Ball
3-2: Strikes out swinging
Batting: SHB Marwin Gonzalez 0-0: Ball
1-0: Fly out, F8 (Flyball, 8RD, EV 84.4 MPH)
Top of the 8th over - 0 runs, 0 hits, 0 errors, 0 left on base; Cleveland 4 - Tampa Bay 3
BOTTOM OF THE 8TH
Tampa Bay Rays batting - Pitching for Cleveland Indians : RHP Yoan Lopez
Pitching: LHP Zac Rosscup
Batting: LHB Rafael Devers 0-0: Called Strike
0-1: Called Strike
0-2: Strikes out looking
Batting: LHB Michael Conforto 0-0: Foul Ball, location: 2F
0-1: Ball
1-1: Swinging Strike
1-2: Ball
2-2: Strikes out looking
Pitching: RHP Dellin Betances
Batting: RHB Nelson Cruz 0-0: SINGLE (Groundball, 6D, EV 105.6 MPH)
Batting: RHB Miguel Cabrera 0-0: Called Strike
0-1: Foul Ball, location: 2F
0-2: Strikes out swinging
Bottom of the 8th over - 0 runs, 1 hit, 0 errors, 1 left on base; Cleveland 4 - Tampa Bay 3
TOP OF THE 9TH
Cleveland Indians batting - Pitching for Tampa Bay Rays : RHP Ryne Harper
Batting: RHB Matt Chapman 0-0: Called Strike
0-1: Foul Ball, location: 2F
0-2: Strikes out swinging
Batting: RHB Steven Souza Jr. 0-0: Called Strike
0-1: Ball
1-1: Swinging Strike
1-2: Ball
2-2: Ball
3-2: Foul Ball, location: 2F
3-2: Foul Ball, location: 2F
3-2: Strikes out swinging
Batting: RHB Marcus Semien 0-0: Ball
1-0: Foul Ball, location: 2F
1-1: Fly out, F8 (Flyball, 89XD, EV 97.5 MPH)
Top of the 9th over - 0 runs, 0 hits, 0 errors, 0 left on base; Cleveland 4 - Tampa Bay 3
BOTTOM OF THE 9TH
Tampa Bay Rays batting - Pitching for Cleveland Indians : RHP Dellin Betances
Pitching: RHP David Robertson
Batting: RHB Buster Posey 0-0: Ball
1-0: Foul Ball, location: 2F
1-1: Foul Ball, location: 2F
1-2: Strikes out swinging
Batting: RHB Xander Bogaerts 0-0: DOUBLE (Flyball, 78XD, EV 113.8 MPH)
Batting: RHB Marcell Ozuna 0-0: Called Strike
0-1: Ball
1-1: Called Strike
1-2: SINGLE (Groundball, 56D, EV 96.9 MPH)
Xander Bogaerts to third
Runner from 3rd tries for Home, SAFE, no throw by LF
Batting: RHB DJ LeMahieu 0-0: Foul Ball, location: 2F
0-1: Ball
1-1: Ball
2-1: Called Strike
2-2: Foul Ball, location: 2F
2-2: Strikes out looking
Batting: SHB Aaron Hicks 0-0: Called Strike
0-1: Ball
1-1: Ground out 4-3 (Groundball, 34, EV 101.3 MPH)
Bottom of the 9th over - 1 run, 2 hits, 0 errors, 1 left on base; Cleveland 4 - Tampa Bay 4
TOP OF THE 10TH
Cleveland Indians batting - Pitching for Tampa Bay Rays : RHP Ryne Harper
Pitching: LHP Sean Doolittle
Batting: RHB Tim Locastro 0-0: Called Strike
0-1: Ball
1-1: Foul Ball, location: 2F
1-2: Ground out 6-3 (Groundball, 6, EV 108.1 MPH)
Batting: RHB Mitch Garver 0-0: Called Strike
0-1: Foul Ball, location: 2F
0-2: Ball
1-2: Ball
2-2: Strikes out swinging
Batting: LHB Adam Frazier 0-0: Called Strike
0-1: Ball
1-1: Reached on error, E6 (Groundball, 6, EV 105.6 MPH)
Batting: RHB J.D. Martinez 0-0: Called Strike
0-1: Called Strike
0-2: Ball
1-2: Strikes out swinging
Top of the 10th over - 0 runs, 0 hits, 1 error, 1 left on base; Cleveland 4 - Tampa Bay 4
BOTTOM OF THE 10TH
Tampa Bay Rays batting - Pitching for Cleveland Indians : RHP David Robertson
Pitching: RHP Tayron Guerrero
Batting: LHB Rafael Devers 0-0: Swinging Strike
0-1: Swinging Strike
0-2: Foul Ball, location: 2F
0-2: Ball
1-2: Foul Ball, location: 2F
1-2: Ball
2-2: Strikes out swinging
Batting: LHB Michael Conforto 0-0: Called Strike
0-1: Called Strike
0-2: Foul Ball, location: 2F
0-2: Foul Ball, location: 2F
0-2: Strikes out swinging
Pitching: RHP Kirby Yates
Batting: RHB Nelson Cruz 0-0: Swinging Strike
0-1: Foul Ball, location: 2F
0-2: Strikes out looking
Bottom of the 10th over - 0 runs, 0 hits, 0 errors, 0 left on base; Cleveland 4 - Tampa Bay 4
TOP OF THE 11TH
Cleveland Indians batting - Pitching for Tampa Bay Rays : LHP Sean Doolittle
Pitching: LHP Caleb Thielbar
Batting: LHB Matt Carpenter 0-0: Called Strike
0-1: Swinging Strike
0-2: Foul Ball, location: 2F
0-2: Strikes out swinging
Batting: SHB Marwin Gonzalez 0-0: Ball
1-0: Ball
2-0: Foul Ball, location: 2F
2-1: Foul Ball, location: 2F
2-2: Strikes out looking
Batting: RHB Matt Chapman 0-0: Ball
1-0: SINGLE (Line Drive, 7S, EV 93.1 MPH)
Batting: RHB Steven Souza Jr. 0-0: Fly out, F7 (Line Drive, 7D, EV 90.6 MPH)
Top of the 11th over - 0 runs, 1 hit, 0 errors, 1 left on base; Cleveland 4 - Tampa Bay 4
BOTTOM OF THE 11TH
Tampa Bay Rays batting - Pitching for Cleveland Indians : RHP Kirby Yates
Batting: RHB Miguel Cabrera 0-0: Called Strike
0-1: Foul Ball, location: 2F
0-2: Strikes out swinging
Batting: RHB Buster Posey 0-0: Called Strike
0-1: Ground out 6-3 (Groundball, 56, EV 99.4 MPH)
Batting: RHB Xander Bogaerts 0-0: Ball
1-0: SINGLE (Groundball, 56D, EV 96.3 MPH)
Batting: RHB Marcell Ozuna 0-0: Called Strike
0-1: Called Strike
0-2: Strikes out looking
Bottom of the 11th over - 0 runs, 1 hit, 0 errors, 1 left on base; Cleveland 4 - Tampa Bay 4
TOP OF THE 12TH
Cleveland Indians batting - Pitching for Tampa Bay Rays : LHP Caleb Thielbar
Batting: RHB Marcus Semien 0-0: Foul Ball, location: 2F
0-1: Called Strike
0-2: Ball
1-2: Ground out 6-3 (Groundball, 6, EV 88.1 MPH)
Batting: RHB Tim Locastro 0-0: Foul Ball, location: 2F
0-1: Foul Ball, location: 2F
0-2: Ball
1-2: Ball
2-2: Strikes out swinging
Batting: RHB Mitch Garver 0-0: Called Strike
0-1: DOUBLE (Flyball, 8RXD, EV 88.8 MPH)
Batting: LHB Adam Frazier 0-0: Ball
1-0: Ball
2-0: Swinging Strike
2-1: Ground out 6-3 (Groundball, 6, EV 101.3 MPH)
Top of the 12th over - 0 runs, 1 hit, 0 errors, 1 left on base; Cleveland 4 - Tampa Bay 4
BOTTOM OF THE 12TH
Tampa Bay Rays batting - Pitching for Cleveland Indians : RHP Kirby Yates
Batting: RHB DJ LeMahieu 0-0: Ball
1-0: Ball
2-0: Foul Ball, location: 2F
2-1: Swinging Strike
2-2: Foul Ball, location: 2F
2-2: Ball
3-2: Ground out 6-3 (Groundball, 6, EV 83.1 MPH)
Batting: SHB Aaron Hicks 0-0: Ball
1-0: Swinging Strike
1-1: Foul Ball, location: 2F
1-2: Strikes out swinging
Batting: LHB Rafael Devers 0-0: Foul Ball, location: 2F
0-1: Fly out, F9 (Flyball, 9, EV 90.6 MPH)
Bottom of the 12th over - 0 runs, 0 hits, 0 errors, 0 left on base; Cleveland 4 - Tampa Bay 4
TOP OF THE 13TH
Cleveland Indians batting - Pitching for Tampa Bay Rays : LHP Caleb Thielbar
Batting: RHB J.D. Martinez 0-0: Ball
1-0: Ball
2-0: Ball
3-0: Called Strike
3-1: SINGLE (Groundball, 3D, EV 108.8 MPH)
Pitching: RHP Kaleb Fleck
Batting: LHB Matt Carpenter 0-0: Ball
1-0: Foul Ball, location: 2F
1-1: SINGLE (Groundball, 34D, EV 94.4 MPH)
J.D. Martinez to second
Batting: SHB Marwin Gonzalez 0-0: Ball
1-0: Ball
2-0: Ball
3-0: Called Strike
3-1: Foul Ball, location: 2F
3-2: Base on Balls
J.D. Martinez to third
Matt Carpenter to second
Batting: RHB Matt Chapman 0-0: Ball
1-0: Called Strike
1-1: Fly out, F9 (Line Drive, 9, EV 90.6 MPH)
Runner from 3rd tags up, SCORES, throw by RF
Matt Carpenter to third
Batting: RHB Steven Souza Jr. 0-0: Ball
1-0: Swinging Strike
1-1: Swinging Strike
1-2: Strikes out swinging
Batting: RHB Marcus Semien 0-0: Ball
1-0: Foul Ball, location: 2F
1-1: Ball
2-1: Swinging Strike
2-2: Fly out, F9 (Flyball, 9S, EV 94.4 MPH)
Top of the 13th over - 1 run, 2 hits, 0 errors, 2 left on base; Cleveland 5 - Tampa Bay 4
BOTTOM OF THE 13TH
Tampa Bay Rays batting - Pitching for Cleveland Indians : RHP Kirby Yates
Batting: LHB Michael Conforto 0-0: Ball
1-0: Ball
2-0: Called Strike
2-1: Ball
3-1: Ground out 6-3 (Groundball, 4MS, EV 91.9 MPH)
Batting: RHB Nelson Cruz 0-0: Ball
1-0: Foul Ball, location: 2F
1-1: Swinging Strike
1-2: Foul Ball, location: 2F
1-2: Foul Ball, location: 2F
1-2: Ball
2-2: Strikes out swinging
Pitching: RHP Hector Rondon
Batting: RHB Miguel Cabrera 0-0: Ball
1-0: Foul Ball, location: 2F
1-1: Ball
2-1: Foul Ball, location: 2F
2-2: Strikes out swinging
Bottom of the 13th over - 0 runs, 0 hits, 0 errors, 0 left on base; Cleveland 5 - Tampa Bay 4
Friday, December 6th, 2019 - OOTP Baseball 20.8 Build 73